 Dungeon Crawl Stone Soup version 0.21-a0-426-g98080a9 (webtiles) character file.

183230 theanonym the Peltast (level 18, 0/149 HPs)
             Began as a Merfolk Gladiator on Nov 5, 2017.
             Was the Champion of Ashenzari.
             Slain by the 27-headed Lernaean hydra (11 damage)
             ... on level 4 of the Swamp on Nov 6, 2017.
             The game lasted 03:42:36 (41469 turns).

theanonym the Peltast (Merfolk Gladiator)          Turns: 41469, Time: 03:42:37

Health: 0/149      AC: 17    Str: 15    XL:     18   Next: 36%
Magic:  22/22      EV: 48    Int:  8    God:    Ashenzari [******]
Gold:   2590       SH: 27    Dex: 27    Spells: 12/17 levels left

rFire    . . .     SeeInvis +   d - +3 trident (flame) (curse)
rCold    + + .     Gourm    .   R - +1 large shield {AC+3}
rNeg     . . .     Faith    .   y - +1 ring mail of the Arcane {rC++ Regen+} (curse)
rPois    +         Spirit   .   Y - +2 hat {MR+}
rElec    .         Reflect  +   x - +2 cloak {rPois} (curse)
rCorr    .         Harm     .   S - +0 pair of gloves (curse)
MR       +++..     Clarity  +   (boots currently unavailable)
Stlth    ++++++....             K - +4 amulet of reflection (curse)
HPRegen  0.74/turn              A - ring of protection from magic
MPRegen  0.18/turn              P - +5 ring of evasion (curse)

@: agile, lethally poisoned (0 -> 0), about to teleport, very quick
A: change form in water, swift swim, stealthy swim
a: Curse Item, Scrying, Transfer Knowledge, Renounce Religion


   Skills:
 - Level 15.0 Fighting
 - Level 14.0(18.0) Polearms
 - Level 5.1 Throwing
 - Level 5.0(8.0) Armour
 - Level 16.7(19.1) Dodging
 - Level 10.0 Stealth
 + Level 19.8 Shields
 - Level 6.2(9.3) Evocations


You had 12 spell levels left.
You knew the following spells:

 Your Spells              Type           Power        Failure   Level  Hunger
a - Regeneration          Chrm/Necr      #.........   98%         3    ####...
b - Blink                 Tloc           N/A          89%         2    ###....

Skill      XL: |  1  2  3  4  5  6  7  8  9 10 11 12 13 14 15 16 17 18 |
---------------+-------------------------------------------------------+-----
Polearms       | 5 6 7 8 9 11 12 14 | 14.0
Fighting       | 3 4 6 7 8 10 12 13 14 15 | 15.0
Dodging        | 5 6 7 9 10 12 14 15 16 | 16.7
Stealth        | 1 2 3 5 6 8 10 | 10.0
Shields        | 4 10 13 16 18 19 | 19.8
Armour         | 3 5 |  5.0
Throwing       | 4 7 8 5 |  5.1
Evocations     | 2 6 |  6.2

Action                   |  1- 3 |  4- 6 |  7- 9 | 10-12 | 13-15 | 16-18 || total
-------------------------+-------+-------+-------+-------+-------+-------++-------
Melee: Trident           |    92 |   219 |   749 |  1519 |  2904 |  2625 ||  8108
       Tailslap          |       |       |       |    54 |   109 |   135 ||   298
Throw: Throwing net      |       |     1 |     4 |     3 |     2 |       ||    10
       Tomahawk          |       |       |    13 |    42 |   141 |    83 ||   279
       Javelin           |       |       |       |       |       |     2 ||     2
Invok: Curse Item        |       |       |       |     7 |     3 |     1 ||    11
       Transfer Knowledg |       |       |       |       |       |     1 ||     1
Evoke: Wand              |       |     1 |     5 |    19 |    27 |    22 ||    74
       Lamp of fire      |       |       |       |       |     2 |     4 ||     6
       Box of beasts     |       |       |       |       |       |     3 ||     3
       Phial of floods   |       |       |       |       |       |     3 ||     3
       Fan of gales      |       |       |       |       |       |     3 ||     3
       Phantom mirror    |       |       |       |       |       |     1 ||     1
  Use: Potion            |     1 |     7 |     1 |     5 |     4 |    10 ||    28
       Scroll            |       |     1 |     6 |    16 |    13 |     8 ||    44
 Stab: Distracted        |     1 |       |     1 |     6 |    14 |    12 ||    34
       Sleeping          |       |     5 |    21 |    25 |    20 |    10 ||    81
       Held in net/web   |       |     1 |     3 |     3 |       |       ||     7
       Confused          |       |       |       |       |    23 |    12 ||    35
  Eat: Chunk             |       |     7 |     7 |     5 |    25 |     7 ||    51
       Bread ration      |       |     1 |     1 |     6 |     5 |     2 ||    15
       Royal jelly       |       |       |     2 |       |       |       ||     2
       Meat ration       |       |       |     1 |       |       |     3 ||     4
Armor: Leather armour    |    21 |    39 |    87 |    62 |    55 |       ||   264
       Ring mail         |       |       |       |       |    70 |   159 ||   229
Dodge: Dodged            |    68 |   111 |   359 |   815 |  1230 |  1315 ||  3898
Block: Other             |       |       |    17 |    64 |     1 |     3 ||    85
       Reflection        |       |       |     2 |     7 |    18 |    44 ||    71
       Buckler           |       |       |       |   290 |   392 |       ||   682
       Shield            |       |       |       |       |   835 |   325 ||  1160
       Large shield      |       |       |       |       |       |  2014 ||  2014

Inventory:

Hand Weapons
 d - a cursed +3 trident of flaming (weapon)
   (You took it off Louise on level 14 of the Dungeon)
 D - the +7 trident "Tisiop" {venom, *Slow rC+ Str+2 Dex+3}
   (You took it off a ragged hierophant in the Desolation of Salt)

   It poisons the flesh of those it strikes.
   It affects your strength (+2).
   It affects your dexterity (+3).
   It protects you from cold.
   It may slow you when you take damage.
Missiles
 T - 3 silver tomahawks (quivered)
 U - 4 tomahawks
Armour
 e - a cursed +0 pair of boots (melded)
   (You found it on level 3 of the Dungeon)
 p - a +2 pair of gloves of dexterity
   (You found it in the Desolation of Salt)
 x - a cursed +2 cloak of poison resistance (worn)
   (You found it on level 9 of the Dungeon)
 y - the cursed +1 ring mail of the Arcane (worn) {rC++ Regen+}
   (You found it on level 5 of the Lair of Beasts)

   It greatly protects you from cold.
   It increases your rate of regeneration.
   It has a curse placed upon it.
 R - a +1 large shield of protection (worn)
   (You took it off Louise on level 14 of the Dungeon)
 S - a cursed +0 pair of gloves (worn)
   (You bought it in a shop on level 10 of the Dungeon)
 Y - a +2 hat of magic resistance (worn)
   (You took it off Gastronok on level 3 of the Lair of Beasts)
Jewellery
 A - a ring of protection from magic (left hand)
   (You found it on level 6 of the Dungeon)
 K - a cursed +4 amulet of reflection (around neck)
   (You found it on level 6 of the Dungeon)
 N - a +2 ring of dexterity
   (You found it on level 7 of the Dungeon)
 P - a cursed +5 ring of evasion (right hand)
   (You found it on level 7 of the Dungeon)
 Q - an uncursed amulet of regeneration
   (You found it on level 4 of the Swamp)
 V - an uncursed ring of protection from cold
   (You found it on level 1 of the Swamp)
Wands
 b - a wand of clouds (0/9)
   (You found it on level 12 of the Dungeon)
 n - a wand of acid (0/15)
   (You bought it in a shop on level 2 of the Orcish Mines)
 B - a wand of confusion (21/48)
   (You took it off an orc on level 12 of the Dungeon)
 E - a wand of digging (0/24)
   (You found it on level 5 of the Dungeon)
 H - a wand of lightning (0/15)
   (You found it on level 1 of the Swamp)
 W - a wand of polymorph (16/24)
   (You found it on level 1 of the Elven Halls)
Scrolls
 f - 2 scrolls of enchant armour
 k - 3 scrolls of fog {!r}
 m - a scroll of enchant weapon
 r - 3 scrolls of identify
 t - 2 scrolls of blinking
 w - 6 scrolls of teleportation {!r}
 C - 3 scrolls of silence
 I - a scroll of fear {!r}
 L - 6 scrolls of immolation
Potions
 g - 3 potions of brilliance
 j - 2 potions of resistance
 o - 3 potions of haste
 q - a potion of magic {unknown}
 s - 2 potions of mutation {unknown}
 v - 3 potions of cancellation
 z - 5 potions of invisibility
 G - 5 potions of lignification
 M - 9 potions of curing
 X - 4 potions of ambrosia
Miscellaneous
 h - a lamp of fire
   (You found it on level 2 of the Lair of Beasts)
 i - a phial of floods (inert)
   (You found it in the Desolation of Salt)
 l - a fan of gales (inert)
   (You found it in the Desolation of Salt)
Comestibles
 c - 3 chunks of flesh
 J - 18 royal jellies
 O - 3 meat rations

Dungeon Overview and Level Annotations

Branches:
Dungeon (15/15)            Temple (1/1) D:7            Lair (6/6) D:11
  Swamp (4/4) Lair:2        Snake (1/4) Lair:2        Slime (0/5) Lair:5
    Orc (2/2) D:12            Elf (1/3) Orc:2        Vaults (0/5) D:14
 Depths: D:15

Altars:
Ashenzari
Cheibriados
Dithmenos
Elyvilon
Fedhas
Gozag
Hepliaklqana
Kikubaaqudgha
Makhleb
Nemelex Xobeh
Okawaru
Qazlal
Ru
Sif Muna
Trog
Uskayaw
Vehumet
Wu Jian
Xom
Yredelemnul
Zin
The Shining One
Beogh

Shops:
D:9 (   D:10 }[   Orc:2 ([=*   Elf:1 :

Annotations:
D:5 exclusion: ogre
D:10 exclusion: 2 two-headed ogres
D:15 2 exclusions
Lair:2 exclusion: oklob plant
Lair:4 exclusion: oklob plant
Swamp:1 exclusion: spriggan rider
Swamp:4 Lernaean hydra
Snake:1 exclusion: nagaraja
Elf:1 exclusions: dancing weapon, deep elf death mage and 1 more exclusion


You were on level 4 of the Swamp.
You worshipped Ashenzari.
Ashenzari was exalted by your worship.
You were hungry.

You visited 7 branches of the dungeon, and saw 30 of its levels.
You visited the Abyss 1 time.
You also visited: Ossuary and Desolation.

You collected 3078 gold pieces.
You spent 488 gold pieces at shops.


Message History

You block the swamp dragon's attack. x3
Something hits the briar patch but does no damage.
Something hits the briar patch!
The six-headed hydra completely misses you.
You block the six-headed hydra's attack. x2
The six-headed hydra completely misses you. x2
You block the six-headed hydra's attack.
The four-headed hydra completely misses you.
The four-headed hydra closely misses you. x2
The four-headed hydra misses you.
The swamp dragon bites you but does no damage.
You block the swamp dragon's attack. The swamp dragon completely misses you.
Your legs become a tail as you enter the water.
Your cursed +0 pair of boots melds into your body.
You feel sick.
You block the six-headed hydra's attack. x5
The six-headed hydra completely misses you.
You see here a swamp dragon corpse.
You hit the four-headed hydra. You burn the four-headed hydra.
You tail-slap the four-headed hydra. The swamp dragon completely misses you.
You block the swamp dragon's attack. x2
You hit the four-headed hydra. You burn the four-headed hydra.
You tail-slap the four-headed hydra.
The six-headed hydra completely misses you.
You block the six-headed hydra's attack. x2
The six-headed hydra completely misses you. x2
The six-headed hydra barely misses you.
The four-headed hydra completely misses you.
The four-headed hydra closely misses you.
The four-headed hydra completely misses you.
You block the four-headed hydra's attack.
The swamp dragon closely misses you. The swamp dragon completely misses you.
You block the swamp dragon's attack.
You hit the four-headed hydra. You burn the four-headed hydra.
You tail-slap the four-headed hydra.
You kill the four-headed hydra!
You block the six-headed hydra's attack.
The six-headed hydra misses you.
You block the six-headed hydra's attack.
The six-headed hydra completely misses you. x2
The six-headed hydra bites you but does no damage.
You hit the swamp dragon. You burn the swamp dragon.
You block the swamp dragon's attack. The swamp dragon completely misses you.
You block the swamp dragon's attack.
You puncture the swamp dragon! You burn the swamp dragon.
You block the six-headed hydra's attack. x4
The six-headed hydra barely misses you. x2; You block the swamp drake's attack.
You puncture the swamp dragon! You burn the swamp dragon.
You kill the swamp dragon!
Your fan of gales has recharged.
Your lamp of fire has recharged.
You block the swamp dragon's attack. x3
You impale the six-headed hydra!! You burn the six-headed hydra.
You tail-slap the six-headed hydra.
You feel sick.
You block the six-headed hydra's attack.
The six-headed hydra misses you.
You block the six-headed hydra's attack. x2
The six-headed hydra completely misses you.
You block the six-headed hydra's attack.
The swamp dragon misses you. The swamp dragon completely misses you.
You block the swamp dragon's attack.
You take 1 damage, and have 33/149 hp.
You hit the six-headed hydra. You burn the six-headed hydra.
The six-headed hydra completely misses you.
You block the six-headed hydra's attack. x3
The six-headed hydra completely misses you.
You block the six-headed hydra's attack.
Here: the 27-headed Lernaean hydra A hydra corpse.
The floor, spattered with blood.
A fierce wind blows from the fan.
The monsters around you are blown away!
You hear a deafening roar!
The briar patch crumbles away.
The swamp dragon breathes poison at you.
The blast of poison misses you. You block the swamp drake's attack.
Some of the chunks of flesh in your inventory have rotted away.
Really read
w - 7 scrolls of teleportation {!r}?
As you read the scroll of teleportation {!r}, it crumbles to dust.
You feel strangely unstable. You block the swamp dragon's attack. x3
The swamp drake bites you but does no damage.
You puncture the six-headed hydra! You burn the six-headed hydra.
You block the swamp dragon's attack. x2; The swamp dragon misses you.
You block the six-headed hydra's attack.
The six-headed hydra completely misses you.
The six-headed hydra bites you but does no damage.
The six-headed hydra completely misses you.
You block the six-headed hydra's attack.
The six-headed hydra completely misses you.
You hit the six-headed hydra. You burn the six-headed hydra.
You feel sick. The swamp drake bites you!
* * * LOW HITPOINT WARNING * * *
You block the 27-headed Lernaean hydra's attack.
The 27-headed Lernaean hydra bites you!
* * * LOW HITPOINT WARNING * * *
You block the 27-headed Lernaean hydra's attack. x2
The 27-headed Lernaean hydra bites you.
* * * LOW HITPOINT WARNING * * *
The 27-headed Lernaean hydra completely misses you.
You block the 27-headed Lernaean hydra's attack.
The 27-headed Lernaean hydra bites you!
You die...

** ,, ,≈,, ≈*** *≈
,,≈ ≈ * ,,*,,≈ {*{,
{≈ * ≈ ,≈ ,≈ , , ≈{{{
, * * ≈ ≈≈ ≈ ≈ ≈≈ *
{,≈ *{{**♣♣* ≈≈ ≈ * ≈
* * ** ** ♣{ *♣.≈ *
*≈Pf,, ≈ ♣♣≈ ♣♣. *PP≈
*≈,≈ ≈ ♣.♣♣♣P###
##≈≈# , ≈≈ ≈
♣..♣♣§Dk##((≈#.#,
≈,≈≈ ♣...PP@D......≈.
,, ≈, ♣♣♣
♣..†PPD§$#≈≈.≈≈
♣≈♣♣♣††.♣P.###**≈≈≈≈
≈ ≈ ≈ ♣♣♣♣
♣♣.≈.≈.†.♣♣♣.≈#* *≈
*** *
≈.≈♣♣♣≈≈≈≈....≈♣
♣♣.≈♣ * **
≈≈.≈...≈≈≈≈....♣ **
♣♣
≈≈.≈≈≈≈≈≈≈..#.♣..♣*
** * * *
≈♣.≈≈≈≈≈..≈..≈....♣**
**≈ *
.♣♣≈.≈≈≈......≈#.≈≈≈
≈ , **,,,**


You could see the 27-headed Lernaean hydra, a six-headed hydra, a swamp dragon
and a swamp drake.

Notes
Turn   | Place    | Note
-------+----------+-------------------------------------------
     0 | D:1      | theanonym the Merfolk Gladiator began the quest for the Orb.
     0 | D:1      | Reached XP level 1. HP: 16/16 MP: 1/1
   111 | D:1      | Reached XP level 2. HP: 23/23 MP: 2/2
   133 | D:1      | Reached skill level 5 in Polearms
   297 | D:1      | Reached XP level 3. HP: 28/28 MP: 3/3
   821 | D:1      | Reached skill level 3 in Fighting
   821 | D:1      | Reached XP level 4. HP: 23/35 MP: 4/4
   938 | D:2      | Reached skill level 6 in Polearms
  1359 | D:2      | Reached skill level 5 in Dodging
  1479 | D:2      | Reached XP level 5. HP: 26/41 MP: 5/5
  1781 | D:3      | Noticed zorance's ghost (amateur DDNe)
  1820 | D:3      | Killed zorance's ghost
  1820 | D:3      | Reached skill level 7 in Polearms
  1820 | D:3      | Reached skill level 1 in Stealth
  1820 | D:3      | Reached XP level 6. HP: 20/48 MP: 6/6
  2859 | D:3      | Reached skill level 2 in Stealth
  3074 | D:2      | Reached skill level 4 in Fighting
  3467 | D:4      | Reached skill level 8 in Polearms
  3467 | D:4      | Reached skill level 6 in Dodging
  3467 | D:4      | Reached XP level 7. HP: 54/54 MP: 2/7
  3842 | D:4      | Reached skill level 3 in Stealth
  4668 | D:5      | Entered Level 5 of the Dungeon
  4677 | D:5      | Reached skill level 9 in Polearms
  4745 | D:5      | Noticed Ijyb
  4773 | D:5      | Killed Ijyb
  4848 | D:5      | Noticed Edmund
  4870 | D:5      | Reached XP level 8. HP: 58/61 MP: 8/8
  4884 | D:5      | Found a sand-covered staircase.
  4889 | Ossuary  | Entered an ossuary
  5007 | Ossuary  | Reached skill level 5 in Fighting
  5157 | Ossuary  | Reached skill level 4 in Stealth
  5172 | Ossuary  | Reached skill level 7 in Dodging
  5223 | Ossuary  | Reached skill level 10 in Polearms
  5796 | D:6      | Found a snail-covered altar of Cheibriados.
  6148 | D:6      | Reached skill level 5 in Stealth
  6418 | D:6      | Noticed Duvessa
  6445 | D:6      | Noticed Dowan
  6454 | D:6      | Killed Duvessa
  6454 | D:6      | Reached skill level 6 in Fighting
  6454 | D:6      | Reached skill level 11 in Polearms
  6454 | D:6      | Reached XP level 9. HP: 69/69 MP: 9/9
  6727 | D:6      | Killed Dowan
  6727 | D:6      | Reached skill level 8 in Dodging
  7440 | D:7      | Found a stormy altar of Qazlal.
  7614 | D:7      | Reached skill level 12 in Polearms
  7614 | D:7      | Reached skill level 6 in Stealth
  7629 | D:7      | Found an opulent altar of Gozag.
  8124 | D:7      | Found a staircase to the Ecumenical Temple.
  8207 | Temple   | Entered the Ecumenical Temple
  8546 | D:8      | Noticed Joseph
  8555 | D:8      | Killed Joseph
  8658 | D:8      | Reached skill level 7 in Fighting
  8664 | D:8      | Reached skill level 9 in Dodging
  8932 | D:8      | Reached XP level 10. HP: 79/79 MP: 10/10
  9376 | D:8      | Reached skill level 13 in Polearms
  9584 | D:8      | Reached skill level 7 in Stealth
  9899 | D:8      | Found an iron altar of Okawaru.
  9906 | D:8      | Found a shattered altar of Ashenzari.
  9911 | D:8      | Found a burning altar of Makhleb.
  9924 | D:8      | Became a worshipper of Ashenzari the Shackled
  9995 | D:9      | Found a stormy altar of Qazlal.
 10070 | D:9      | Noticed a two-headed ogre
 10103 | D:8      | Killed a two-headed ogre
 10667 | D:9      | Found Rauphu Hyde's Antique Weapon Emporium.
 10826 | D:9      | Found a glowing golden altar of the Shining One.
 10966 | D:9      | Reached skill level 14 in Polearms
 11045 | D:10     | Entered Level 10 of the Dungeon
 11061 | D:10     | Reached skill level 8 in Fighting
 11061 | D:10     | Reached skill level 10 in Dodging
 11201 | D:10     | Reached skill level 8 in Stealth
 11464 | D:10     | Noticed Maurice
 11501 | D:10     | Killed Maurice
 11501 | D:10     | Reached XP level 11. HP: 85/87 MP: 11/11
 11558 | D:10     | Reached skill level 9 in Fighting
 11567 | D:10     | Reached skill level 11 in Dodging
 11567 | D:10     | Reached skill level 9 in Stealth
 11802 | D:10     | Found Zexuner's Gadget Boutique.
 11835 | D:10     | Noticed a two-headed ogre
 11953 | D:10     | Found a deep blue altar of Sif Muna.
 11957 | D:10     | Found Vagec's Antique Armour Emporium.
 11970 | D:10     | Bought a buckler for 144 gold pieces
 11970 | D:10     | Bought a pair of gloves for 144 gold pieces
 12034 | D:10     | Noticed a two-headed ogre
 12084 | D:10     | Reached skill level 1 in Shields
 12179 | D:10     | Reached skill level 2 in Shields
 12467 | D:10     | Killed a two-headed ogre
 12467 | D:10     | Reached skill level 3 in Shields
 12845 | D:11     | Noticed a purple ugly thing
 12895 | D:11     | Reached skill level 4 in Shields
 12950 | D:11     | Killed a purple ugly thing
 13504 | D:11     | Found a staircase to the Lair.
 13504 | D:11     | Noticed a white ugly thing
 13616 | D:11     | Reached skill level 10 in Stealth
 13732 | D:11     | Reached skill level 12 in Dodging
 13763 | D:11     | Reached skill level 10 in Fighting
 13800 | D:11     | Noticed a cyclops
 13808 | D:11     | Killed a cyclops
 13982 | D:11     | Reached XP level 12. HP: 83/98 MP: 12/12
 14565 | Lair:1   | Entered Level 1 of the Lair of Beasts
 14806 | Lair:1   | Reached skill level 13 in Dodging
 15192 | Lair:1   | Reached skill level 11 in Fighting
 15283 | Lair:1   | Noticed a four-headed hydra
 15565 | Lair:2   | Found a staircase to the Swamp.
 15588 | Lair:2   | Found a staircase to the Snake Pit.
 15920 | Lair:2   | Reached * piety under Ashenzari
 16012 | Lair:2   | Reached skill level 1 in Armour
 16659 | Lair:3   | Reached skill level 3 in Throwing
 16838 | Lair:3   | Noticed a seven-headed hydra
 16847 | Lair:3   | Killed a seven-headed hydra
 16847 | Lair:3   | Reached skill level 2 in Armour
 16940 | Lair:3   | Noticed Snorg
 16966 | Lair:3   | Killed Snorg
 17411 | Lair:3   | Noticed Gastronok
 17445 | Lair:3   | Noticed Nergalle
 17721 | Swamp:1  | Entered Level 1 of the Swamp
 17783 | Swamp:1  | Reached skill level 4 in Throwing
 17822 | Swamp:1  | Noticed a five-headed hydra
 17840 | Swamp:1  | Killed a five-headed hydra
 17840 | Swamp:1  | Reached skill level 14 in Dodging
 17992 | Swamp:1  | Reached skill level 3 in Armour
 18001 | Swamp:1  | HP: 11/102 [tyrant leech (30)]
 18420 | Swamp:1  | Noticed a spriggan rider
 18565 | Swamp:1  | Noticed a seven-headed hydra
 18594 | Swamp:1  | Reached skill level 12 in Fighting
 18594 | Swamp:1  | Reached XP level 13. HP: 108/108 MP: 13/13
 18682 | Swamp:1  | Noticed a brown very ugly thing
 18728 | Lair:2   | Reached skill level 5 in Throwing
 18901 | Lair:4   | Reached ** piety under Ashenzari
 19857 | Lair:4   | Reached skill level 4 in Armour
 20012 | Lair:4   | Found a burning altar of Makhleb.
 20317 | Lair:5   | Reached skill level 6 in Throwing
 20408 | Lair:5   | Identified the +1 ring mail of the Arcane {rC++ Regen+}
 20409 | Lair:5   | Found a staircase to the Slime Pits.
 20820 | Lair:5   | Reached skill level 15 in Dodging
 20984 | Lair:5   | Identified the +4 whip "Killer Klown's Peril" {slash, Str+2}
 21719 | Lair:4   | Identified the +7 shortbow "Ostapp" {velocity, rPois Str-4 Int+4}
 21846 | Lair:5   | Reached skill level 13 in Fighting
 21881 | Lair:5   | Reached skill level 7 in Throwing
 21881 | Lair:5   | Reached skill level 5 in Armour
 22243 | D:11     | Identified the +1 falchion of the Extremely Mad {antimagic, Int+4} (You took it off an orc on level 11 of the Dungeon)
 22437 | D:12     | Reached XP level 14. HP: 76/118 MP: 14/14
 22686 | D:12     | Reached *** piety under Ashenzari
 22902 | D:12     | Found a staircase to the Orcish Mines.
 22950 | D:12     | Reached skill level 1 in Evocations
 23720 | D:13     | Reached skill level 2 in Evocations
 23879 | D:13     | Reached skill level 16 in Dodging
 23890 | D:13     | theanonym: !lg * win urune=15 race=merfolk -log
 23890 | D:13     | beem: 500. ggul001, XL27 MfFi, T:102561: https://webzook.net/soup/morgue/trunk/ggul001/morgue-ggul001-20171025-150316.txt
 23890 | D:13     | theanonym: !lg * win urune=15 race=merfolk -log god=ashenzari
 23890 | D:13     | beem: 43. Chesslamb, XL27 MfGl, T:78015: https://webzook.net/soup/morgue/trunk/Chesslamb/morgue-Chesslamb-20171010-063518.txt
 23890 | D:13     | theanonym: !lg * win urune=15 race=merfolk -log god=ashenzari 1
 23890 | D:13     | beem: 1/43. LexAckson, XL27 MfGl, T:190250: http://crawl.develz.org/morgues/0.8/LexAckson/morgue-LexAckson-20110617-053328.txt
 23890 | D:13     | theanonym: !lg * win urune=15 race=merfolk -log god=ashenzari 2
 23890 | D:13     | beem: 2/43. aleksiL, XL27 MfWz, T:190573: http://crawl.develz.org/morgues/trunk/aleksiL/morgue-aleksiL-20110930-153750.txt
 23890 | D:13     | theanonym: !lg * win urune=15 race=merfolk -log god=ashenzari -1
 23890 | D:13     | beem: 43. Chesslamb, XL27 MfGl, T:78015: https://webzook.net/soup/morgue/trunk/Chesslamb/morgue-Chesslamb-20171010-063518.txt
 23890 | D:13     | theanonym: !lg * win urune=15 race=merfolk -log god=ashenzari 2
 23890 | D:13     | beem: 2/43. aleksiL, XL27 MfWz, T:190573: http://crawl.develz.org/morgues/trunk/aleksiL/morgue-aleksiL-20110930-153750.txt
 23890 | D:13     | theanonym: !lg * win urune=15 race=merfolk class=gl -log god=ashenzari 2
 23890 | D:13     | beem: 2/8. ebarrett, XL27 MfGl, T:135821: http://crawl.akrasiac.org/rawdata/ebarrett/morgue-ebarrett-20120325-034458.txt
 23890 | D:13     | theanonym: !lg * win urune=15 race=merfolk class=gl -log god=ashenzari 1
 23890 | D:13     | beem: 1/8. LexAckson, XL27 MfGl, T:190250: http://crawl.develz.org/morgues/0.8/LexAckson/morgue-LexAckson-20110617-053328.txt
 23890 | D:13     | theanonym: !lg * win urune=15 race=merfolk class=gl -log god=ashenzari 3
 23890 | D:13     | beem: 3/8. Shaijin, XL27 MfGl, T:150938: http://dobrazupa.org/morgue/Shaijin/morgue-Shaijin-20130302-230828.txt
 23890 | D:13     | theanonym: !lg * win urune=15 race=merfolk class=gl -log god=ashenzari 4
 23890 | D:13     | beem: 4/8. DenpaOtoko, XL27 MfGl, T:62724: https://webzook.net/soup/morgue/trunk/DenpaOtoko/morgue-DenpaOtoko-20150429-071917.txt
 24128 | D:13     | Reached **** piety under Ashenzari
 24339 | D:13     | Reached skill level 5 in Shields
 24763 | D:14     | Reached skill level 6 in Shields
 24927 | D:14     | Reached skill level 7 in Shields
 25073 | D:14     | Found a gate to the Vaults.
 25177 | D:14     | Reached skill level 8 in Shields
 25450 | D:14     | Noticed Louise
 25493 | D:14     | Reached skill level 9 in Shields
 25516 | D:14     | Cast into level 2 of the Abyss (Louise)
 25568 | D:14     | Escaped the Abyss
 25589 | D:14     | Killed Louise
 25875 | D:14     | Found a roughly hewn altar of Beogh.
 26317 | Swamp:1  | Killed a brown very ugly thing
 26317 | Swamp:1  | Reached skill level 10 in Shields
 26317 | Swamp:1  | Reached XP level 15. HP: 124/124 MP: 16/16
 26490 | Swamp:1  | Noticed a thorn hunter
 26523 | Swamp:1  | Killed a thorn hunter
 26650 | Swamp:1  | Reached skill level 11 in Shields
 26806 | Swamp:1  | Reached ***** piety under Ashenzari
 27336 | Swamp:2  | Noticed Kirke
 27551 | Swamp:1  | Killed Kirke
 27680 | Swamp:2  | Reached skill level 12 in Shields
 27754 | Swamp:2  | Noticed Aizul
 28299 | Orc:1    | Entered Level 1 of the Orcish Mines
 28722 | Orc:1    | Reached skill level 8 in Throwing
 28962 | Orc:2    | Entered Level 2 of the Orcish Mines
 28993 | Orc:2    | Found a roughly hewn altar of Beogh.
 29145 | Orc:2    | Noticed Donald
 29332 | D:5      | Killed Edmund
 29367 | D:5      | Noticed Blork the orc
 29389 | D:5      | Killed Blork the orc
 29436 | D:5      | Found a bloodstained altar of Trog.
 29718 | Lair:3   | Killed Nergalle
 29741 | Lair:3   | Killed Gastronok
 29837 | Snake:1  | Entered Level 1 of the Snake Pit
 29838 | Snake:1  | Noticed a nagaraja
 30030 | D:15     | Entered Level 15 of the Dungeon
 30094 | D:15     | Found a frozen archway.
 30097 | D:15     | Reached skill level 14 in Fighting
 30821 | D:15     | Noticed Nessos
 30842 | D:15     | Killed Nessos
 31194 | Swamp:2  | Killed Aizul
 31340 | Swamp:3  | Noticed a thorn hunter
 31538 | Lair:5   | Reached skill level 13 in Shields
 31836 | Lair:5   | Reached XP level 16. HP: 124/133 MP: 17/17
 32060 | Lair:6   | Entered Level 6 of the Lair of Beasts
 32061 | Lair:6   | Noticed Autsider's ghost (journeyman GrEE)
 32093 | Lair:6   | Killed Autsider's ghost
 32608 | Lair:6   | Reached skill level 14 in Shields
 32672 | Lair:6   | Paralysed by a hornet for 1 turns
 33059 | Lair:6   | Reached skill level 15 in Fighting
 33909 | Orc:2    | Killed Donald
 34251 | Orc:2    | Reached skill level 15 in Shields
 34338 | Orc:2    | Found Codoboufa's Antique Weapon Emporium.
 34523 | Orc:2    | Found a staircase to the Elven Halls.
 34542 | Orc:2    | Found Aluicant's General Store.
 34548 | Orc:2    | Bought a wand of acid (6/15) for 200 gold pieces
 34613 | Orc:2    | Found Reriupsi's Jewellery Emporium.
 34627 | Orc:2    | Found Ubauc's Antique Armour Emporium.
 34812 | Orc:2    | theanonym: !lg * !win urune=15
 34812 | Orc:2    | beem: 880. hothajugeora the Imperceptible (L27 VSFi of Uskayaw), killed by something's death curse on Zig:14 (ziggurat_pillar_centre_lightning) on 2017-11-03 01:05:44, with 1344743 points after 81461 turns and 4:54:04.
 34812 | Orc:2    | theanonym: !lg * !win urune=15 !place=zig
 34812 | Orc:2    | beem: Broken query near '=zig'
 34812 | Orc:2    | theanonym: !lg * !win urune=15 place=!zig
 34812 | Orc:2    | beem: No games for * (!win urune=15 place=!zig).
 34812 | Orc:2    | theanonym: !lg * !win urune=15 2
 34812 | Orc:2    | beem: 2/880. Ret the Swordmaster (L27 MDPa of The Shining One), blasted by an orb of fire (bolt of fire) on Zot:5 on 2008-09-05 16:42:24, with 838114 points after 179011 turns and 16:59:22.
 34812 | Orc:2    | theanonym: !lg * !win urune=15 -1
 34812 | Orc:2    | beem: 880. hothajugeora the Imperceptible (L27 VSFi of Uskayaw), killed by something's death curse on Zig:14 (ziggurat_pillar_centre_lightning) on 2017-11-03 01:05:44, with 1344743 points after 81461 turns and 4:54:04.
 34812 | Orc:2    | theanonym: !lg * !win urune=15 -2
 34812 | Orc:2    | beem: 879/880. knot the Intangible Farmer (L27 DsBe of Vehumet), blasted by a soul eater (drain life) (summoned by Koitilol) on Zig:22 on 2017-11-01 03:49:19, with 1879999 points after 401769 turns and 1d+12:22:21.
 34812 | Orc:2    | theanonym: !lg * !win urune=15 -3
 34812 | Orc:2    | beem: 878/880. HonorKnight2 the Farming Apostate (L27 HOFi of Beogh), slain by a spark wasp on Zig:11 on 2017-10-29 17:06:28, with 1879999 points after 208431 turns and 20:38:57.
 34812 | Orc:2    | theanonym: !lg * !win urune=15 -4
 34812 | Orc:2    | beem: 877/880. enigmoo the Farming Conqueror (L27 GnSk of Makhleb), slain by a dire elephant on Zig:27 on 2017-10-29 03:55:53, with 1879999 points after 252350 turns and 2d+1:25:06.
 34812 | Orc:2    | theanonym: !lg * !win urune=15 -5
 34812 | Orc:2    | beem: 876/880. blobert the Invulnerable (L27 GrFi of The Shining One), blasted by a daeva (divine providence) (led by a seraph) on D:15 on 2017-10-28 12:36:16, with 1340985 points after 77219 turns and 4:39:19.
 34812 | Orc:2    | theanonym: !lg * !win urune=15 -5 -log
 34812 | Orc:2    | beem: 876/880. blobert, XL27 GrFi, T:77219: http://crawl.berotato.org/crawl/morgue/blobert/morgue-blobert-20171028-123616.txt
 34812 | Orc:2    | theanonym: !lg * !win urune=15 -6
 34812 | Orc:2    | beem: 875/880. hyde0630 the Swordmaster (L27 VSGl of Cheibriados), blown up by an orb spider on Zig:19 on 2017-10-26 22:46:14, with 1564077 points after 68606 turns and 7:05:59.
 34812 | Orc:2    | theanonym: !lg * !win urune=15 -7
 34812 | Orc:2    | beem: 874/880. paraanoi the Politician (L27 VSFi of Uskayaw), blasted by a starcursed mass (accursed screaming) on Zig:25 on 2017-10-26 05:14:36, with 1482843 points after 107126 turns and 4:38:11.
 34812 | Orc:2    | theanonym: !lg * !win urune=15 -8
 34812 | Orc:2    | beem: 873/880. miz the Archmage (L27 VSGl of Uskayaw), demolished by a large slime creature on Zig:18 on 2017-10-24 14:54:48, with 1801647 points after 107863 turns and 11:03:20.
 34812 | Orc:2    | theanonym: !lg * !win urune=15 -9
 34812 | Orc:2    | beem: 872/880. Nichipe the Gnoll Aeon (L27 GnMo of Cheibriados), blasted by a greater mummy (divine providence) on Zig:20 on 2017-10-24 03:14:57, with 1690519 points after 87068 turns and 6:36:01.
 34812 | Orc:2    | theanonym: !lg * !win urune=15 -10
 34812 | Orc:2    | beem: 871/880. Moorlo the Conqueror (L27 MuFi of Gozag), blasted by Wuwess the pandemonium lord (crystal spear) on Zig:18 on 2017-10-23 07:30:21, with 1717168 points after 167685 turns and 15:57:16.
 34812 | Orc:2    | theanonym: !lg * !win urune=15 -11
 34812 | Orc:2    | beem: 870/880. salmon the Axe Maniac (L27 HuBe of Trog), blasted by a storm dragon (bolt of lightning) on Zot:5 (hall_of_Zot) on 2017-10-22 09:19:02, with 1335974 points after 91023 turns and 6:33:57.
 34812 | Orc:2    | theanonym: !lg * !win urune=15 -11 -log
 34812 | Orc:2    | beem: 870/880. salmon, XL27 HuBe, T:91023: https://webzook.net/soup/morgue/trunk/salmon/morgue-salmon-20171022-091902.txt
 34827 | Elf:1    | Entered Level 1 of the Elven Halls
 34996 | Elf:1    | Found a ruined gateway.
 35063 | Desolati | Entered the Desolation of Salt
 35219 | Desolati | Reached ****** piety under Ashenzari
 35571 | Desolati | Reached skill level 16 in Shields
 35604 | Desolati | Reached XP level 17. HP: 138/142 MP: 18/18
 35652 | Desolati | Identified the +6 mace of Fee Simple {protect, rPois}
 36524 | Desolati | Reached skill level 17 in Shields
 36542 | Desolati | HP: 70/142 [saltling (10)]
 36771 | Desolati | HP: 64/142 [ragged hierophant/a resonance strike (11)]
 36779 | Desolati | HP: 40/142 [saltling (9)]
 36784 | Desolati | HP: 37/142 [ragged hierophant/a resonance strike (7)]
 36785 | Desolati | HP: 14/142 [ragged hierophant/a resonance strike (23)]
 36838 | Desolati | HP: 59/142 [peacekeeper (11)]
 37100 | Desolati | Identified the +7 trident "Tisiop" {venom, *Slow rC+ Str+2 Dex+3} (You took it off a ragged hierophant in the Desolation of Salt)
 37275 | Desolati | Identified the Catalogue of the Gliding Compass
 37387 | Desolati | Identified the +2 chain mail of Wijaex {rPois Str+3}
 38211 | Elf:1    | Reached skill level 18 in Shields
 38572 | Elf:1    | Found Niulom's Book Shoppe.
 38676 | Elf:1    | HP: 69/142 [war axe of chopping (13)]
 38731 | Elf:1    | Reduced skill Throwing to level 7
 38855 | Elf:1    | Reached skill level 3 in Evocations
 38914 | Elf:1    | Identified the Papyrus of Black Rituals
 39010 | Elf:1    | Reached skill level 4 in Evocations
 39090 | Elf:1    | Reduced skill Throwing to level 6
 39189 | Elf:1    | Reached skill level 5 in Evocations
 39417 | Elf:1    | Reduced skill Throwing to level 5
 39509 | Elf:1    | Reached skill level 6 in Evocations
 39922 | Swamp:3  | HP: 60/142 [slime creature (12)]
 39932 | Swamp:3  | HP: 62/142 [spriggan rider/spear (3)]
 39971 | Swamp:3  | Reached XP level 18. HP: 83/149 MP: 22/22
 40081 | Swamp:3  | Learned a level 3 spell: Regeneration
 40084 | Swamp:3  | Learned a level 2 spell: Blink
 40178 | Swamp:3  | Reached skill level 19 in Shields
 40823 | Swamp:4  | Entered Level 4 of the Swamp
 40840 | Swamp:4  | HP: 67/149 [swamp dragon (9)]
 40846 | Swamp:4  | HP: 40/149 [poisoned by a swamp dragon (blast of poison)]
 40852 | Swamp:4  | HP: 38/149 [poisoned by a swamp dragon (blast of poison)]
 40859 | Swamp:4  | HP: 24/149 [spriggan rider/spear (17)]
 40865 | Swamp:4  | HP: 22/149 [ghost crab] (8)]
 40871 | Swamp:4  | HP: 13/149 [poisoned by a swamp dragon (blast of poison)]
 40876 | Swamp:4  | HP: 15/149 [poisoned by a swamp dragon (blast of poison)]
 41428 | Swamp:4  | HP: 74/149 [six-headed hydra (9)]
 41439 | Swamp:4  | HP: 72/149 [four-headed hydra (7)]
 41445 | Swamp:4  | HP: 45/149 [poisoned by a swamp dragon (blast of poison)]
 41447 | Swamp:4  | HP: 21/149 [six-headed hydra (7)]
 41453 | Swamp:4  | HP: 37/149 [poisoned by a swamp dragon (blast of poison)]
 41454 | Swamp:4  | Noticed the 27-headed Lernaean hydra
 41464 | Swamp:4  | HP: 33/149 [poisoned by a swamp dragon (blast of poison)]
 41469 | Swamp:4  | HP: 35/149 [poisoned by a swamp dragon (blast of poison)]
 41469 | Swamp:4  | HP: 17/149 [the 27-headed Lernaean hydra (8)]
 41469 | Swamp:4  | Slain by the 27-headed Lernaean hydra

Vanquished Creatures
  Gastronok (Lair:3)
  2 thorn hunters
  Kirke (Swamp:1)
  Donald (Orc:2)
  A deep elf sorcerer (Elf:1)
  2 imperial myrmidons (Desolation)
  Louise (D:14)
  An orc warlord (Orc:2)
  A deep elf elementalist (Elf:1)
  Aizul (Swamp:2)
  Nessos (D:15)
  A very ugly thing (Swamp:1)
  A deep elf demonologist (Elf:1)
  A dire elephant (Lair:6)
  Snorg (Lair:3)
  2 crystal guardians (Desolation)
  2 deep elf death magi (Elf:1)
  3 ettins
  The ghost of Autsider the Geomancer, a journeyman GrEE of Vehumet (Lair:6)
  A fire dragon (Lair:5)
  6 ragged hierophants (Desolation)
  7 servants of whispers (Desolation)
  8 vault guards (D:14)
  11 hydras
  8 peacekeepers
  A ghost crab (Swamp:4)
  A catoblepas (D:13)
  2 centaur warriors
  5 two-headed ogres
  9 alligators
  An orc high priest (Orc:2)
  4 death yaks (Lair:6)
  3 dancing weapons (Elf:1)
  A merfolk avatar (Lair:6)
  4 deep elf knights (Elf:1)
  Nergalle (Lair:3)
  3 skeletal warriors (D:15)
  A fire crab (Lair:6)
  A sea snake (Lair:6)
  3 spriggan druids (Swamp:3)
  6 swamp dragons (Swamp:4)
  5 shambling mangroves
  A wizard (D:15)
  2 lindwurms
  A phantasmal warrior (D:15)
  14 deep elf magi
  An ironbrand convoker (Desolation)
  A necromancer (Elf:1)
  3 deep elf archers (Elf:1)
  4 orc knights
  4 orc sorcerers (Orc:2)
  7 ugly things
  3 manticores (D:13)
  22 elephants
  3 cyclopes
  Maurice (D:10)
  3 black mambas
  6 guardian serpents (Desolation)
  A molten gargoyle (Desolation)
  19 spiny frogs
  Joseph (D:8)
  12 rime drakes
  2 freezing wraiths (D:15)
  7 komodo dragons
  2 kobold demonologists (D:14)
  5 trolls
  A queen bee (D:11)
  A harpy zombie (D:14)
  3 polar bears (Lair:6)
  4 tyrant leeches
  44 saltlings (Desolation)
  A spectral meliai (D:14)
  A wind drake (Lair:6)
  15 hornets
  5 bog bodies
  21 slime creatures
  7 hippogriffs
  10 blink frogs
  A centaur simulacrum (D:15)
  2 meliai zombies
  8 spriggans
  4 wraiths
  60 yaks
  3 water elementals (Elf:1)
  An air elemental (Elf:1)
  A large abomination (Elf:1)
  2 hogs
  3 shadows
  12 steam dragons
  5 wyverns
  3 hungry ghosts
  The ghost of zorance the Grave Robber, an amateur DDNe (D:3)
  4 basilisks
  21 swamp worms
  20 vampire mosquitoes
  Edmund (D:5)
  5 wargs
  A naga (Lair:2)
  2 acid dragons
  9 water moccasins
  12 porcupines
  A black bear (D:14)
  Duvessa (D:6)
  10 swamp drakes
  5 sky beasts
  A hornet zombie (D:14)
  16 ogres
  40 orc warriors
  3 ice beasts
  3 necrophages
  An eye of draining (D:13)
  A phantom (D:11)
  16 wolves
  4 centaurs
  11 crocodiles
  4 big kobolds
  An earth elemental (Elf:1)
  Blork the orc (D:5)
  3 elf zombies
  22 bullfrogs
  An elf skeleton (D:5)
  A gnoll sergeant (D:12)
  4 wyvern zombies
  Dowan (D:6)
  6 scorpions
  27 killer bees
  An electric eel (Lair:1)
  3 crimson imps
  8 howler monkeys
  2 bullfrog zombies
  2 quasits (D:10)
  3 centaur skeletons
  6 centaur zombies
  2 jellies (Lair:5)
  6 hounds
  5 human zombies
  29 orc priests
  3 bullfrog skeletons
  Ijyb (D:5)
  A human skeleton (D:5)
  37 orc wizards
  10 iguanas
  13 worker ants
  A big kobold zombie (Ossuary)
  A howler monkey zombie (D:6)
  2 mummies (Ossuary)
  5 gnolls
  15 adders
  A howler monkey skeleton (D:8)
  4 shadow imps
  2 oozes
  2 adder zombies (Ossuary)
  3 worms (D:2)
  4 leopard geckos
  119 orcs
  12 bats
  4 giant cockroaches
  13 goblins
  10 hobgoblins
  14 jackals
  4 quokkas
  5 ball pythons
  6 frilled lizards
  A goblin zombie (Ossuary)
  12 hobgoblin zombies (Ossuary)
  A jackal skeleton (D:4)
  A jackal zombie (Ossuary)
  17 kobolds
  7 kobold zombies (Ossuary)
  A leopard gecko skeleton (D:6)
  2 orc skeletons (D:5)
  7 orc zombies
  A quokka skeleton (D:6)
  A quokka zombie (D:6)
  14 rats
  A plant (Lair:6)
1145 creatures vanquished.

Vanquished Creatures (collateral kills)
  A ragged hierophant (Desolation)
  A hydra (Swamp:4)
  A swamp dragon (Swamp:4)
  4 saltlings (Desolation)
7 creatures vanquished.

Vanquished Creatures (others)
  2 spriggans
  A spriggan druid (Swamp:4)
  A swamp dragon (Swamp:4)
  A deep elf archer (Elf:1)
  4 hornets
  4 humans (Swamp:2)
  An orc (D:14)
  5 briar patches (Swamp:4)
  7 bushes
  A butterfly (Lair:6)
  24 fungi
  36 plants
87 creatures vanquished.

Grand Total: 1239 creatures vanquished
